 Dungeon Crawl Stone Soup version 0.25-a0-578-gc91f01c39c (webtiles) character file.

Game seed: 8619548016569967607, levelgen mode: deterministic

0 Gargoyl the Skirmisher (level 1, -12/19 HPs)
             Began as a Centaur Abyssal Knight on Mar 5, 2020.
             Was a Follower of Lugonu.
             Killed from afar by a green death (28 damage)
             ... with a bolt of poison
             ... on level 3 of the Abyss.
             The game lasted 00:00:55 (222 turns).

Gargoyl the Skirmisher (Centaur Abyssal Knight)      Turns: 222, Time: 00:00:56

Health: -12/19     AC:  6    Str: 14    XL:     1   Next: 0%
Magic:  2/2        EV:  7    Int: 11    God:    Lugonu [*.....]
Gold:   46         SH:  0    Dex:  8    Spells: 0/0 levels left

rFire    . . .     SeeInvis .   a - +1 hand axe
rCold    . . .     Gourm    .   (no shield)
rNeg     + . .     Faith    .   d - +0 scale mail {rN+}
rPois    .         Spirit   .   (no helmet)
rElec    .         Reflect  .   (no cloak)
rCorr    .         Harm     .   (no gloves)
MR       .....                  (no barding)
Stlth    ..........             e - amulet of the acrobat
HPRegen  0.06/turn              (no ring)
MPRegen  0.08/turn              (no ring)

@: lethally poisoned (-12 -> -25), very quick
A: large, hooves 3, deformed body, speed 2, tough skin 3
a: Depart the Abyss, Renounce Religion


You were on level 3 of the Abyss.
You worshipped Lugonu.
Lugonu was aware of your devotion.
You were not hungry.

You visited 0 branches of the dungeon, and saw 0 of its levels.
You visited the Abyss 1 time.

You collected 46 gold pieces.

Inventory:

Hand Weapons
 a - a +1 hand axe (weapon)
Armour
 b - a +0 leather armour
 d - a +0 scale mail of positive energy (worn)
Jewellery
 e - an amulet of the acrobat (around neck)
Scrolls
 f - a scroll of identify {unknown}
Comestibles
 c - a ration


   Skills:
 + Level 3.0 Fighting
 + Level 1.7 Axes
 + Level 1.3 Armour
 + Level 0.6 Dodging
 + Level 2.0 Invocations


You couldn't memorise any spells.
You didn't know any spells.
Your spell library was empty.

Dungeon Overview and Level Annotations

Branches:
Dungeon (0/15)

Altars:


Innate Abilities, Weirdness & Mutations

You have hooves in place of feet.
Armour fits poorly on your strangely shaped body.
You cover ground very quickly.
You have extremely tough skin. (AC +3)


Message History

Deactivating autopickup; reactivate with Ctrl-A.
You are suddenly pulled into a different region of the Abyss!
Found a corrupted altar of Lugonu.
Unknown command.
Found 38 gold pieces.
A neqoxec comes into view.
The neqoxec shouts!
You see here 38 gold pieces.
Found a gateway leading deeper into the Abyss.
A green death comes into view.
The green death roars!
You hear a hideous shriek!
A glowing orange brain and a hellion come into view.
The hellion gives a hideous shriek!
The glowing orange brain turns its attention towards you.
There is a gateway leading deeper into the Abyss here.
The glowing orange brain pulsates.
The green death gestures at you. The bolt of poison hits you!!
You are poisoned.
Ouch! That really hurt!
You die...

##...##...#
#.....# #
......#.# ###..#
# ##....## ....#
..#.#..# #..
..##.# ## #
####..##.# .#
#.#....#...##2..#
###.##..#.@...#
...#...#.###
.#...##2.... ..#.
.#.....# ..#....
...#.# #....
##u.## ..## .#u
###


Gu. You could see 2 very ugly things, a green death, a green ugly thing
(wandering), a glowing orange brain and a hellion.

Vanquished Creatures (others)
  6 starspawn tentacles (Abyss:3)
6 creatures vanquished.

Notes
Turn   | Place    | Note
-------+----------+-------------------------------------------
     0 | Abyss:1  | Gargoyl the Centaur Abyssal Knight began the quest for the
                  | Orb.
     0 | Abyss:1  | Reached XP level 1. HP: 19/19 MP: 2/2
    24 | Abyss:1  | Noticed a large abomination
    25 | Abyss:1  | Noticed a hellwing
    33 | Abyss:1  | Noticed an eye of draining
   136 | Abyss:3  | Noticed a tentacled starspawn
   155 | Abyss:3  | Noticed a large abomination
   170 | Abyss:3  | Found a corrupted altar of Lugonu.
   199 | Abyss:3  | Noticed a neqoxec
   219 | Abyss:3  | Noticed a green death
   221 | Abyss:3  | Noticed a hellion
   221 | Abyss:3  | Noticed a glowing orange brain
   222 | Abyss:3  | Killed from afar by a green death

Levels and vault maps discovered:
Abyss:3:  hangedman_abyss_rune_flesh_and_stone, evilmike_abyss_exit_plants,
          evilmike_abyss_exit_11,
          evilmike_nicolae_abyss_rune_betentacled_crabyss

Action                   || total
-------------------------++-------
  Use: Scroll            ||     1
       Potion            ||     1
Dodge: Dodged            ||     5

Table legend:
 A = Non-vault XP
 B = Vault XP
 C = Vault XP percentage of total XP
 D = Non-vault monster count
 E = Vault monster count
 F = Vault count percentage of total count
                 A         B        C        D         E       F
            +---------+---------+-------+---------+---------+-------
      Total |       0 |       0 |   N/A |       0 |       0 |  -nan
            +---------+---------+-------+---------+---------+-------
            +---------+---------+-------+---------+---------+-------
